Map: 瑟拉斯废墟

Players

Endbringer

  • Race: Protoss Protoss
  • League: Platinum

shengy - Winner!

  • Race: Zerg Zerg
  • League: Platinum

VOD

Have the link to the VOD?

Description

Time

  • Played on: Dec. 23, 2015, 11:44 p.m.
  • Length: 20:11
Show
View Real Time Build Order
Export as new Build Order

Endbringer Protoss 

Build Orders:  

Get SALT Encoding   

  12  0:01  Probe (Chrono Boost)  
  13  0:11  Probe (Chrono Boost)  
  14  0:23  Pylon  
  14  0:25  Probe (Chrono Boost)  
  15  0:41  Probe (Chrono Boost)  
  16  0:52  Probe (Chrono Boost)  
  17  1:02  Probe (Chrono Boost)  
  18  1:10  Nexus  
  18  1:16  Gateway  
  18  1:20  Assimilator  
  18  1:24  Probe (Chrono Boost)  
  19  1:32  Pylon  
  19  1:35  Probe (Chrono Boost)  
  19  1:37  Assimilator  
  20  1:53  Probe (Chrono Boost)  
  21  2:03  Probe (Chrono Boost)  
  22  2:10  Cybernetics Core  
  22  2:14  Probe (Chrono Boost), Zealot  
  25  2:22  Probe (Chrono Boost)  
  26  2:24  Probe (Chrono Boost)  
  27  2:32  Pylon  
  27  2:33  Probe (Chrono Boost)  
  27  2:35  Probe (Chrono Boost)  
  29  2:45  Probe x2 (Chrono Boost)  
  31  2:54  Warp Gate  
  31  2:57  Mothership Core (Chrono Boost)  
  33  3:05  Probe (Chrono Boost)  
  34  3:06  Adept  
  36  3:15  Probe x2 (Chrono Boost)  
  36  3:17  Twilight Council  
  37  3:20  Robotics Facility  
  37  3:25  Probe (Chrono Boost)  
  37  3:26  Probe (Chrono Boost)  
  39  3:30  Pylon  
  39  3:36  Probe x2 (Chrono Boost)  
  39  3:39  Adept  
  43  3:46  Probe (Chrono Boost)  
  43  3:47  Probe (Chrono Boost)  
  45  3:59  Assimilator  
  45  4:00  Blink  
  45  4:03  Assimilator  
  45  4:06  Gateway  
  45  4:14  Gateway  
  45  4:18  Observer  
  45  4:19  Stalker  
  45  4:22  Probe x2 (Chrono Boost)  
  50  4:42  Probe x2 (Chrono Boost)  
  52  4:46  Warp Prism  
  52  4:47  Nexus  
  54  4:57  Pylon x2  
  54  5:13  Pylon, Gateway  
  54  5:15  Probe (Chrono Boost)  
  55  5:22  Probe (Chrono Boost)  
  55  5:25  Probe (Chrono Boost)  
  57  5:30  Stalker x3  
  57  5:32  Probe (Chrono Boost)  
  64  5:36  Probe (Chrono Boost)  
  65  5:43  Probe (Chrono Boost)  
  65  5:47  Probe (Chrono Boost)  
  67  5:53  Probe (Chrono Boost)  
  67  5:56  Stalker x3  
  74  5:57  Probe (Chrono Boost)  
  74  6:00  Probe (Chrono Boost)  
  77  6:04  Probe (Chrono Boost)  
  77  6:08  Probe (Chrono Boost)  
  77  6:10  Probe (Chrono Boost)  
  79  6:18  Gateway  
  79  6:22  Stalker x4  
  79  6:23  Gateway  
  79  6:24  Pylon  
  87  6:30  Probe x3 (Chrono Boost)  
  90  6:36  Robotics Bay  
  90  6:41  Probe x2 (Chrono Boost)  
  92  6:48  Stalker x3  
  92  6:49  Stalker  
  100  6:56  Probe (Chrono Boost)  
  100  6:58  Pylon  
  100  6:59  Forge  
  101  7:16  Probe x2 (Chrono Boost)  
  101  7:17  Robotics Facility  
  101  7:22  Stalker  
  105  7:23  Stalker x2  
  109  7:48  Pylon  
  109  7:51  Pylon  
  109  7:53  Pylon  
  109  7:55  Pylon  
  109  7:56  Pylon  
  109  7:58  Pylon  
  109  8:06  Disruptor  
  109  8:09  Stalker  
  109  8:10  Stalker x3  
  109  8:11  Stalker  
  122  8:16  Disruptor  
  113  8:33  Stalker x2  
  113  8:34  Stalker x3  
  123  8:41  Disruptor  
  126  8:51  Disruptor  
  129  8:57  Assimilator, Stalker x3  
  129  8:58  Stalker x2  
  129  8:59  Assimilator  
  108  9:22  Stalker  
  108  9:23  Stalker x4  
  109  9:28  Disruptor x2  
  114  9:37  Mothership Core (Chrono Boost)  
  116  9:47  Stalker x3  
  116  9:49  Gateway  
  116  9:50  Gateway  
  116  9:52  Gateway  
  122  9:54  Gateway  
  122  10:03  Disruptor  
  124  10:10  Nexus  
  124  10:12  Pylon  
  124  10:13  Pylon  
  108  10:49  Stalker x5  
  110  10:50  Stalker  
  112  11:03  Stalker  
  112  11:04  Stalker x2  
  118  11:22  Pylon  
  118  11:23  Pylon  
  118  11:37  Pylon  
  118  11:40  Pylon  
  118  11:46  Stalker x3  
  118  11:47  Stalker x2  
  95  12:13  Stalker x6  
  95  12:14  Disruptor, Stalker x3  
  95  12:15  Disruptor  
  119  12:33  Assimilator  
  117  12:43  Stalker x2  
  117  12:44  Stalker x2  
  125  13:02  Pylon, Nexus  
  125  13:05  Pylon, Disruptor  
  123  13:06  Pylon  
  123  13:09  Pylon  
  123  13:10  Gateway  
  123  13:12  Gateway  
  124  13:13  Disruptor  
  124  13:41  Warp Prism  
  118  13:49  Warp Prism  
  103  14:07  Stalker x4  
  103  14:08  Stalker x2  
  115  14:14  Stalker x4  
  123  14:20  Probe x4 (Chrono Boost)  
  127  14:28  Disruptor x2  
  127  14:30  Pylon x2, Probe x2 (Chrono Boost)  
  127  14:31  Pylon, Probe (Chrono Boost)  
  136  14:32  Pylon, Probe (Chrono Boost)  
  136  14:33  Assimilator  
  136  14:37  Assimilator  
  137  14:41  Probe x2 (Chrono Boost)  
  119  14:57  Stalker x3  
  119  14:58  Stalker x4  
  133  15:03  Stalker  
  133  15:04  Disruptor  
  138  15:09  Disruptor  
  109  15:43  Stalker  
  109  15:44  Stalker x6  
  109  15:45  Stalker x2  
  127  15:52  Dark Shrine  
  127  16:06  Stalker x3  
  127  16:07  Stalker  
  135  16:29  Pylon  
  135  16:31  Pylon  
  117  17:05  Nexus  
  83  17:11  Zealot x7  
  83  17:12  Zealot x3  
  83  17:13  Zealot  
Show
View Real Time Build Order
Export as new Build Order

shengy Zerg - Winner!

Build Orders: 3 Hatch before Pool, Lurkers 

Get SALT Encoding   

  12  0:01  Drone  
  13  0:08  Drone  
  14  0:17  Overlord  
  14  0:36  Drone x3  
  17  0:46  Drone  
  18  0:58  Drone  
  18  1:03  Hatchery  
  18  1:09  Drone  
  19  1:19  Drone  
  20  1:32  Overlord  
  20  1:46  Hatchery  
  19  1:52  Drone, Spawning Pool  
  19  1:53  Drone  
  20  2:04  Drone  
  21  2:20  Drone x2  
  23  2:38  Zergling x2  
  23  2:39  Zergling x4  
  26  2:45  Drone  
  26  2:46  Drone, Queen  
  26  2:49  Queen  
  31  3:06  Drone x4  
  31  3:09  Drone  
  31  3:11  Drone  
  31  3:12  Queen  
  39  3:16  Drone  
  40  3:28  Overlord  
  40  3:29  Drone  
  40  3:30  Drone  
  40  3:31  Extractor x2  
  40  3:33  Extractor, Drone x2  
  41  3:35  Extractor  
  41  3:37  Drone  
  41  3:38  Drone  
  42  3:47  Overlord  
  42  3:48  Drone  
  43  3:54  Queen  
  45  4:06  Drone x2  
  45  4:07  Drone x2  
  45  4:08  Drone x4  
  45  4:09  Drone  
  55  4:10  Drone  
  55  4:13  Roach Warren  
  55  4:14  Evolution Chamber  
  53  4:19  Drone, Overlord  
  53  4:22  Drone  
  55  4:26  Drone x2  
  56  4:40  Drone x2  
  56  4:42  Zerg Missile Weapons Level 1  
  56  4:43  Overlord  
  58  4:46  Lair  
  58  4:47  Metabolic Boost  
  58  4:49  Drone  
  58  4:50  Drone x2  
  61  5:07  Drone x4  
  61  5:08  Drone x7  
  61  5:09  Drone  
  61  5:11  Overlord  
  61  5:13  Overlord  
  73  5:16  Overlord  
  73  5:34  Roach x3  
  73  5:35  Roach x5  
  89  5:52  Glial Reconstitution  
  89  5:58  Overlord x3  
  89  5:59  Hydralisk Den, Overlord  
  89  6:01  Hatchery  
  87  6:05  Drone x2  
  89  6:12  Extractor  
  88  6:23  Drone x3  
  91  6:27  Roach  
  91  6:28  Roach x12  
  117  6:39  Muscular Augments  
  117  6:41  Roach x2  
  121  6:51  Overlord  
  121  6:52  Overlord x4  
  121  7:00  Extractor  
  120  7:15  Zerg Missile Weapons Level 2  
  120  7:19  Evolution Chamber  
  120  7:21  Overlord  
  121  7:22  Roach  
  121  7:23  Roach x9  
  121  7:27  Ravager x2  
  121  7:28  Ravager x6  
  147  7:32  Hatchery  
  147  7:36  Extractor  
  145  7:38  Extractor  
  143  7:45  Overlord  
  143  7:48  Zergling x22  
  154  7:56  Lurker Den  
  154  8:02  Infestation Pit  
  150  8:09  Overlord  
  150  8:11  Hydralisk x3  
  150  8:12  Hydralisk x6  
  160  8:13  Hydralisk  
  165  8:28  Zergling x2  
  165  8:29  Zergling x18  
  175  8:35  Hatchery  
  174  8:45  Pathogen Glands, Hive  
  174  8:47  Overlord  
  174  8:49  Drone x2  
  174  8:50  Drone x3  
  174  8:51  Drone  
  174  8:52  Drone  
  135  9:22  Roach x16  
  135  9:23  Roach x2  
  156  9:30  Hydralisk x3  
  162  9:35  Lurker x4  
  162  9:37  Lurker  
  167  9:42  Drone x3  
  170  10:12  Hatchery  
  142  10:30  Zergling x6  
  142  10:31  Zergling x4  
  145  10:49  Hydralisk x4  
  141  10:50  Roach x5  
  141  10:51  Zergling x12, Roach x2  
  141  10:52  Zergling x8  
  141  10:54  Adrenal Glands  
  165  11:00  Ultralisk Cavern  
  161  11:04  Lurker x3  
  164  11:17  Zerg Missile Weapons Level 3  
  164  11:18  Zerg Ground Armor Level 1  
  164  11:20  Zergling x8  
  164  11:21  Zergling x14  
  164  11:22  Zergling x8  
  179  11:39  Overseer x2  
  91  12:11  Roach  
  91  12:12  Roach x19  
  91  12:13  Roach x3  
  126  12:17  Chitinous Plating  
  126  13:01  Ultralisk x4  
  140  13:15  Extractor  
  140  13:16  Extractor  
  140  13:19  Ultralisk x2  
  136  13:32  Queen  
  136  13:33  Queen  
  139  13:37  Drone x2  
  139  13:38  Drone  
  132  13:50  Ultralisk x2  
  132  13:52  Zergling x8  
  142  14:11  Queen  
  144  14:17  Overlord  
  144  14:18  Overlord  
  144  14:21  Ultralisk  
  144  14:22  Ultralisk  
  156  14:28  Infestor x4  
  142  14:55  Hydralisk x5  
  142  14:56  Hydralisk x5  
  130  15:37  Ultralisk  
  130  15:38  Ultralisk x3  
  154  15:55  Drone x4  
  154  15:56  Drone  
  159  16:03  Zergling x10  
  164  16:25  Hatchery, Extractor  
  162  16:28  Extractor  
  162  16:31  Hydralisk x2  
  162  16:32  Zergling x10  
  170  16:33  Zergling x12  
  158  17:14  Ultralisk x2  
  158  17:15  Infestor, Ultralisk  
  175  17:29  Infestor x4  
  172  17:30  Infestor  
  180  17:47  Drone x3  
  180  17:51  Infestor x2, Ultralisk  
  180  17:53  Zergling x2  
  180  18:04  Pneumatized Carapace  
  180  18:21  Hatchery  
  180  18:23  Extractor  
  180  18:24  Spore Crawler  
  180  18:53  Drone  
  180  18:54  Drone  
  180  19:10  Hatchery  
  180  19:12  Extractor x2  
  180  19:15  Extractor  
  180  19:16  Hatchery  
  180  19:19  Extractor  
  180  19:43  Drone  
  180  19:57  Extractor  
  180  20:05  Spine Crawler  
  180  20:06  Spore Crawler  
  180  20:07  Spine Crawler  
  180  20:10  Spore Crawler  
  180  20:11  Spine Crawler  
Tags
 
Add a new tag
Caveats
  • Supply blocks, unpowered buildings, or Contaminate may cause inaccurate times.
  • Supply counts are checked every 10 seconds.